Map: Battle on the Boardwalk LE

Players

ShoWTimE - Winner!

  • Race: Protoss Protoss
  • League: Grandmaster
  • Spawn Location: 1:00

Nerchio

  • Race: Zerg Zerg
  • League: Grandmaster
  • Spawn Location: 11:00

Event: WESG Barcelona European Finals 2017

VOD

Have the link to the VOD?

Description

Time

  • Played on: Nov. 26, 2017, 9:49 a.m.
  • Length: 33:51

All games in this series

Show
View Real Time Build Order
Export as new Build Order

ShoWTimE Protoss - Winner!

Build Orders: 1 Gate Expand, Oracle Opening, Phoenix Opening, Carriers 

Get SALT Encoding   

  12  0:00  Probe  
  13  0:12  Probe  
  14  0:17  Pylon  
  14  0:24  Probe (Chrono Boost)  
  15  0:36  Probe (Chrono Boost)  
  15  0:38  Gateway  
  17  0:45  Probe (Chrono Boost)  
  17  0:49  Assimilator  
  17  0:51  Probe  
  18  1:03  Probe (Chrono Boost)  
  20  1:14  Probe (Chrono Boost)  
  20  1:25  Nexus  
  20  1:35  Cybernetics Core  
  20  1:37  Probe  
  21  1:45  Assimilator  
  21  1:49  Probe  
  21  1:54  Pylon  
  22  2:01  Probe  
  23  2:12  Adept (Chrono Boost)  
  23  2:13  Probe  
  26  2:21  Stargate  
  26  2:25  Probe  
  26  2:29  Warp Gate  
  27  2:34  Adept  
  29  2:38  Probe  
  29  2:39  Probe  
  31  2:50  Probe  
  32  2:52  Probe  
  33  3:01  Adept  
  33  3:02  Probe  
  36  3:06  Oracle (Chrono Boost)  
  36  3:08  Probe  
  40  3:14  Probe, Pylon  
  41  3:21  Probe, Gateway  
  41  3:26  Probe  
  43  3:32  Phoenix  
  45  3:34  Gateway  
  45  3:36  Probe  
  45  3:39  Probe  
  47  3:41  Shield Battery  
  47  3:46  Pylon  
  48  3:48  Probe  
  48  3:51  Probe  
  48  3:54  Twilight Council  
  49  4:00  Probe  
  50  4:03  Probe  
  50  4:04  Pylon  
  50  4:05  Assimilator  
  51  4:12  Probe  
  51  4:15  Probe  
  53  4:23  Nexus  
  53  4:24  Probe  
  53  4:26  Pylon  
  53  4:27  Probe  
  53  4:30  Resonating Glaives (Chrono Boost)  
  55  4:36  Probe  
  56  4:39  Probe  
  56  4:40  Adept x3  
  56  4:45  Pylon  
  63  4:48  Robotics Facility  
  63  4:49  Probe  
  63  4:52  Probe  
  65  5:00  Adept x3  
  65  5:01  Probe  
  65  5:02  Assimilator  
  65  5:06  Probe  
  73  5:10  Shield Battery  
  73  5:11  Forge  
  73  5:13  Probe  
  74  5:18  Probe  
  74  5:20  Adept x3  
  81  5:25  Probe  
  82  5:31  Probe  
  82  5:32  Pylon  
  83  5:35  Probe  
  83  5:37  Probe  
  83  5:38  Observer  
  86  5:43  Protoss Ground Weapons Level 1 (Chrono Boost), Probe  
  86  5:48  Probe  
  86  5:49  Probe  
  87  5:50  Assimilator  
  87  5:53  Assimilator  
  87  5:54  Blink (Chrono Boost)  
  79  5:57  Probe  
  79  6:00  Sentry x2  
  79  6:01  Warp Prism  
  81  6:08  Gateway  
  81  6:10  Gateway  
  81  6:13  Gateway  
  77  6:23  Robotics Bay, Shield Battery  
  73  6:30  Shield Battery  
  73  6:31  Photon Cannon  
  73  6:33  Gateway x2, Pylon  
  73  6:37  Immortal (Chrono Boost)  
  73  6:38  Probe, Shield Battery  
  73  6:39  Shield Battery  
  78  6:41  Pylon  
  78  6:42  Photon Cannon  
  78  6:43  Adept  
  78  6:45  Adept  
  82  6:52  Stalker  
  84  6:57  Pylon  
  84  7:09  Disruptor  
  87  7:16  Robotics Facility  
  87  7:19  Stalker x2  
  91  7:25  Charge  
  89  7:31  Protoss Ground Weapons Level 2 (Chrono Boost)  
  89  7:34  Stalker x3  
  93  7:37  Disruptor  
  93  7:39  Photon Cannon  
  93  7:40  Stalker x2  
  93  7:41  Pylon  
  93  7:43  Shield Battery  
  100  7:53  Nexus  
  100  7:56  Pylon  
  100  7:59  Photon Cannon  
  100  8:00  Photon Cannon  
  100  8:01  Photon Cannon  
  100  8:03  Shield Battery  
  100  8:08  Shield Battery  
  100  8:11  Disruptor  
  103  8:13  Shield Battery, Disruptor  
  103  8:15  Zealot x2  
  110  8:21  Stalker x2  
  114  8:29  Stalker x2  
  114  8:33  Probe x3  
  121  8:40  Stalker  
  123  8:44  Stalker  
  123  8:47  Disruptor  
  128  8:48  Disruptor  
  128  8:50  Zealot x2  
  135  8:56  Zealot x2  
  135  9:02  Zealot x2  
  143  9:08  Stalker x2  
  133  9:16  Zealot x2  
  137  9:23  Stalker x2  
  127  9:25  Probe x3, Disruptor  
  127  9:30  Zealot  
  127  9:37  Gateway  
  121  9:39  Protoss Ground Weapons Level 3 (Chrono Boost)  
  121  9:49  Zealot x4  
  129  9:54  Zealot x2  
  129  9:57  Probe x2  
  117  10:12  Zealot x4  
  114  10:19  Extended Thermal Lance, Colossus (Chrono Boost)  
  122  10:35  Colossus (Chrono Boost)  
  122  10:39  Stalker x2  
  125  10:44  Stalker  
  125  10:45  Stalker  
  125  10:47  Sentry  
  125  10:49  Sentry  
  127  10:52  Sentry  
  129  11:08  Stalker  
  131  11:13  Nexus  
  131  11:16  Pylon  
  131  11:19  Pylon  
  131  11:20  Photon Cannon  
  131  11:21  Pylon  
  131  11:22  Pylon  
  131  11:30  Templar Archives  
  131  11:32  Probe  
  132  11:34  Zealot x2  
  136  11:47  Protoss Shields Level 1 (Chrono Boost)  
  136  11:55  Zealot x5  
  146  12:10  Pylon  
  146  12:11  Pylon  
  146  12:13  High Templar x2  
  146  12:14  Assimilator  
  150  12:17  Assimilator  
  150  12:18  Archon  
  150  12:21  High Templar  
  150  12:22  Zealot, High Templar x3  
  158  12:26  Archon  
  158  12:27  Archon  
  114  12:45  Zealot  
  114  12:51  Zealot x2  
  118  12:53  Colossus (Chrono Boost)  
  128  13:02  Colossus (Chrono Boost)  
  128  13:03  Nexus  
  125  13:08  High Templar x3  
  131  13:12  Archon  
  131  13:14  Pylon  
  131  13:15  High Templar  
  131  13:19  Archon  
  133  13:34  Nexus  
  133  13:37  Observer  
  133  13:40  High Templar x3  
  140  13:42  High Templar  
  140  13:46  Archon x2  
  140  13:50  Stalker  
  140  13:52  Observer  
  140  13:54  Protoss Ground Armor Level 1 (Chrono Boost)  
  143  14:05  Gateway  
  143  14:10  Gateway  
  143  14:16  High Templar x2  
  147  14:17  Stalker  
  147  14:20  Archon  
  149  14:38  Fleet Beacon  
  149  14:44  Stargate  
  147  14:47  Assimilator  
  147  14:48  Stargate  
  147  14:49  High Templar x2  
  147  14:51  Assimilator, Pylon  
  151  14:53  Archon  
  151  14:55  Zealot  
  151  14:56  Probe x2  
  151  14:58  Probe  
  151  14:59  Probe  
  157  15:08  High Templar x2  
  157  15:09  Zealot  
  157  15:12  Archon  
  163  15:20  Photon Cannon  
  163  15:21  Photon Cannon  
  163  15:22  Mothership (Chrono Boost), Shield Battery  
  163  15:25  Shield Battery  
  163  15:28  Pylon  
  170  15:42  Carrier (Chrono Boost)  
  176  15:57  High Templar x4  
  176  16:02  Archon x2  
  184  16:07  Carrier (Chrono Boost)  
  190  16:11  Shield Battery  
  190  16:14  Shield Battery  
  190  16:15  Shield Battery  
  190  16:17  Shield Battery  
  190  16:19  Carrier (Chrono Boost)  
  196  16:34  Graviton Catapult  
  196  16:43  Zealot x2  
  196  16:44  Zealot x3  
  180  16:53  Zealot x4  
  158  17:02  Probe (Chrono Boost)  
  158  17:03  Probe (Chrono Boost)  
  158  17:05  Probe (Chrono Boost)  
  151  17:09  Carrier (Chrono Boost)  
  151  17:11  Probe (Chrono Boost)  
  151  17:14  Probe x3 (Chrono Boost)  
  151  17:15  Probe x2 (Chrono Boost), Pylon  
  155  17:16  Probe  
  155  17:18  Pylon  
  155  17:19  High Templar  
  155  17:20  High Templar  
  160  17:23  Carrier (Chrono Boost)  
  160  17:26  Archon  
  164  17:38  Photon Cannon  
  164  17:41  Photon Cannon  
  164  17:43  Photon Cannon  
  164  17:44  Shield Battery  
  164  17:47  Protoss Air Weapons Level 1 (Chrono Boost)  
  164  17:52  Carrier (Chrono Boost)  
  170  18:03  High Templar  
  170  18:04  High Templar x3  
  176  18:07  Archon x2, Shield Battery  
  176  18:08  Pylon  
  174  18:14  Probe x2  
  174  18:15  Probe  
  177  18:21  Immortal  
  177  18:25  High Templar x2  
  185  18:29  Archon  
  191  18:43  Carrier (Chrono Boost)  
  195  18:52  Carrier (Chrono Boost)  
  192  19:01  Probe (Chrono Boost)  
  192  19:02  Probe (Chrono Boost)  
  178  19:03  Probe x2 (Chrono Boost)  
  178  19:08  Probe (Chrono Boost)  
  178  19:13  Probe (Chrono Boost)  
  178  19:14  Probe (Chrono Boost)  
  178  19:15  Probe x2 (Chrono Boost)  
  183  19:18  Probe x4 (Chrono Boost), Immortal  
  190  19:37  Shield Battery  
  190  19:39  Shield Battery  
  190  19:41  Shield Battery, Immortal  
  190  19:43  Shield Battery  
  190  19:45  Shield Battery  
  194  20:02  Protoss Air Weapons Level 2 (Chrono Boost)  
  194  20:05  Pylon  
  194  20:07  Pylon  
  194  20:25  Immortal  
  194  20:27  Psionic Storm  
  198  20:31  Nexus  
  198  20:32  Pylon  
  198  20:45  Immortal  
  200  21:11  Protoss Shields Level 2  
  200  21:14  Shield Battery  
  200  21:16  Shield Battery  
  200  21:17  Shield Battery  
  198  21:19  Shield Battery  
  198  21:20  Stargate  
  198  21:21  Shield Battery  
  198  21:22  Shield Battery  
  198  21:23  Shield Battery  
  198  21:24  Shield Battery  
  197  21:26  Pylon  
  196  21:34  Shield Battery  
  196  21:35  Shield Battery  
  196  21:37  Shield Battery  
  196  21:38  Shield Battery  
  196  21:40  Shield Battery  
  196  21:43  Shield Battery  
  196  21:49  High Templar x2  
  200  21:58  Photon Cannon, Shield Battery  
  200  22:00  Pylon  
  200  22:06  Assimilator  
  200  22:09  Assimilator  
  200  22:14  Shield Battery  
  200  22:15  Shield Battery  
  200  22:18  Pylon  
  200  22:22  Protoss Air Weapons Level 3 (Chrono Boost)  
  200  22:48  Oracle  
  200  23:10  Nexus  
  197  23:28  Pylon  
  197  23:30  Pylon  
  197  23:48  Oracle  
  200  24:03  Photon Cannon  
  200  24:05  Photon Cannon  
  200  24:55  Zealot  
  200  24:56  Zealot x3  
  200  24:59  Zealot x2  
  192  25:07  Gateway  
  192  25:10  Gateway  
  192  25:13  Gateway  
  192  25:14  Gateway  
  192  25:20  Zealot x3  
  194  25:28  High Templar x3, Pylon  
  198  25:37  Observer  
  193  25:52  Carrier  
  193  25:55  Zealot x2  
  196  26:05  Carrier  
  196  26:10  Zealot x4  
  200  26:18  Protoss Air Armor Level 1 (Chrono Boost)  
  200  26:23  Forge  
  189  26:47  Carrier  
  193  26:58  Warp Prism  
  189  27:18  Oracle  
  190  27:31  Carrier  
  190  27:34  Warp Prism  
  198  27:56  Protoss Air Armor Level 2 (Chrono Boost)  
  197  28:51  Warp Prism  
  197  28:54  Carrier (Chrono Boost)  
  188  28:57  Carrier (Chrono Boost)  
  192  29:15  Protoss Shields Level 3 (Chrono Boost)  
  198  29:19  Carrier (Chrono Boost)  
  185  30:07  Protoss Air Armor Level 3 (Chrono Boost)  
  188  30:16  Carrier (Chrono Boost)  
  188  30:18  High Templar x3  
  200  30:33  Carrier (Chrono Boost)  
  182  30:45  Carrier (Chrono Boost)  
  175  30:55  High Templar  
  175  30:56  High Templar x2  
  181  30:58  High Templar  
  183  31:21  Carrier (Chrono Boost), Observer  
  190  31:39  Carrier  
  188  31:55  Carrier  
  188  31:57  High Templar  
  188  31:58  High Templar x2  
Show
View Real Time Build Order
Export as new Build Order

Nerchio Zerg 

Build Orders: Hatch First, Lurkers 

Get SALT Encoding   

  12  0:00  Drone  
  13  0:12  Overlord  
  13  0:17  Drone  
  14  0:30  Drone x2  
  14  0:34  Drone  
  17  0:53  Hatchery  
  17  0:55  Drone  
  17  0:58  Drone  
  17  1:01  Extractor  
  17  1:14  Spawning Pool  
  17  1:17  Drone  
  17  1:21  Drone  
  18  1:28  Drone  
  19  1:39  Overlord  
  19  1:49  Drone  
  20  2:01  Metabolic Boost, Queen  
  20  2:05  Queen  
  24  2:09  Zergling x2  
  24  2:12  Zergling x2  
  26  2:16  Drone  
  26  2:18  Drone  
  26  2:22  Drone  
  29  2:27  Drone  
  30  2:40  Hatchery  
  30  2:42  Drone  
  30  2:45  Drone  
  30  2:47  Drone  
  32  2:51  Overlord  
  32  2:59  Queen  
  32  3:01  Drone  
  32  3:04  Drone  
  36  3:10  Drone x3  
  39  3:13  Drone  
  39  3:15  Drone  
  39  3:18  Drone  
  42  3:20  Drone  
  42  3:24  Overlord  
  43  3:32  Spore Crawler  
  43  3:33  Drone x2  
  44  3:41  Queen  
  44  3:43  Drone x3  
  44  3:45  Drone  
  44  3:47  Drone  
  51  3:49  Drone  
  51  3:52  Overlord  
  51  3:53  Drone  
  51  3:55  Drone  
  54  3:56  Drone  
  55  4:03  Spore Crawler  
  55  4:04  Overlord  
  55  4:08  Drone x2  
  55  4:09  Spore Crawler, Drone  
  56  4:12  Overlord  
  56  4:13  Drone  
  56  4:16  Drone x2  
  59  4:21  Lair  
  59  4:24  Overlord  
  59  4:32  Drone x5  
  59  4:35  Drone x2  
  64  4:42  Extractor, Drone x3  
  64  4:43  Extractor  
  65  4:46  Overlord  
  65  4:47  Zergling x2  
  65  4:49  Zergling x10  
  71  4:53  Zergling x4  
  71  4:55  Overlord  
  71  4:57  Zergling x2  
  71  4:59  Overlord  
  74  5:08  Zergling x4  
  74  5:11  Hatchery  
  74  5:12  Overlord  
  75  5:19  Evolution Chamber, Zergling x2  
  75  5:20  Zergling x10  
  80  5:21  Drone  
  80  5:28  Drone x3, Hydralisk Den  
  84  5:31  Zergling x4  
  84  5:33  Zergling x2  
  85  5:48  Zergling x10  
  83  5:52  Zergling x2  
  83  5:54  Zergling x4  
  83  5:55  Zergling x6  
  76  5:59  Zergling x4  
  76  6:00  Zergling x2  
  76  6:01  Zerg Missile Weapons Level 1  
  74  6:05  Drone x2  
  74  6:06  Drone  
  74  6:07  Drone  
  74  6:11  Drone x2  
  78  6:15  Overlord  
  78  6:16  Drone  
  78  6:18  Drone  
  77  6:23  Drone  
  77  6:26  Muscular Augments  
  77  6:27  Drone x2, Lurker Den  
  77  6:28  Extractor x3  
  77  6:31  Overlord  
  75  6:34  Drone  
  75  6:36  Drone x2  
  75  6:37  Drone x2  
  75  6:38  Drone  
  75  6:39  Drone  
  82  6:45  Drone  
  83  6:49  Spore Crawler, Drone x2  
  83  6:50  Drone  
  85  6:55  Overlord  
  85  6:59  Drone x3  
  85  7:00  Drone x2  
  90  7:02  Overlord  
  90  7:05  Drone x3  
  90  7:06  Hydralisk  
  95  7:14  Hydralisk x3  
  97  7:16  Hydralisk  
  99  7:27  Hydralisk x2  
  98  7:37  Hydralisk x3  
  98  7:41  Drone x2  
  98  7:42  Drone  
  107  7:45  Hydralisk x2  
  107  7:48  Hydralisk  
  113  7:51  Overlord  
  113  7:54  Hydralisk  
  113  7:56  Hydralisk  
  117  7:58  Hydralisk  
  117  8:04  Lurker  
  117  8:05  Lurker x2  
  121  8:06  Lurker x2  
  121  8:10  Pneumatized Carapace  
  124  8:17  Zergling x16  
  124  8:18  Hydralisk  
  134  8:22  Hydralisk  
  134  8:27  Overlord, Hydralisk x2  
  136  8:31  Hydralisk  
  142  8:34  Hydralisk  
  142  8:39  Hydralisk  
  142  8:40  Hydralisk  
  148  8:43  Hydralisk  
  148  8:46  Hydralisk  
  151  8:50  Overlord x2  
  151  8:53  Overlord x2  
  150  8:57  Overlord x2  
  150  8:58  Hydralisk x2  
  147  9:04  Hydralisk x3  
  147  9:07  Hydralisk  
  147  9:08  Hydralisk  
  147  9:09  Zergling x4  
  151  9:14  Hydralisk x2  
  153  9:19  Hydralisk  
  153  9:23  Hydralisk x2  
  147  9:25  Zergling x10  
  141  9:35  Zergling x12  
  140  9:39  Baneling Nest  
  140  9:42  Zergling x2, Zerg Melee Weapons Level 1  
  140  9:43  Zergling x8  
  140  9:46  Zergling x6  
  141  9:52  Zergling x2  
  141  9:59  Hydralisk x4  
  130  10:00  Hydralisk  
  130  10:03  Hydralisk x2  
  131  10:07  Hydralisk  
  131  10:08  Hydralisk  
  131  10:11  Hydralisk  
  131  10:13  Zergling x4  
  130  10:15  Hydralisk  
  130  10:18  Hydralisk x2  
  127  10:24  Drone x3  
  127  10:25  Drone x2  
  127  10:26  Drone  
  132  10:29  Hydralisk  
  132  10:30  Hydralisk  
  132  10:34  Centrifical Hooks  
  136  10:36  Zergling x2  
  136  10:37  Zergling x2  
  136  10:40  Zergling x6  
  141  10:44  Zergling x2  
  141  10:45  Zergling x6  
  143  10:51  Overlord x2  
  143  10:52  Zergling x6  
  143  10:56  Zergling x8  
  150  10:59  Overlord  
  150  11:05  Overseer, Infestation Pit  
  150  11:06  Queen  
  150  11:13  Overlord  
  150  11:14  Zergling x16  
  150  11:16  Zergling x2  
  155  11:19  Zergling x2  
  156  11:28  Hydralisk  
  156  11:29  Hydralisk x5  
  156  11:32  Baneling x6  
  168  11:33  Baneling x3  
  168  11:35  Extractor  
  168  11:37  Baneling x6  
  168  11:38  Baneling  
  167  11:45  Baneling x13  
  167  11:46  Baneling  
  167  11:50  Zergling x10  
  172  12:00  Hydralisk x4  
  180  12:05  Zergling x10  
  185  12:10  Baneling x9  
  185  12:15  Hydralisk x2  
  187  12:27  Zergling x22  
  187  12:34  Hydralisk x2  
  146  12:38  Hydralisk x2  
  146  12:42  Hydralisk  
  146  12:43  Hydralisk  
  143  12:47  Zergling x8  
  137  12:52  Hydralisk x2  
  137  12:54  Hydralisk  
  134  13:00  Hydralisk x2  
  130  13:11  Hatchery  
  129  13:15  Hive  
  129  13:16  Zergling x4  
  129  13:18  Zergling x2  
  129  13:19  Zergling x2  
  133  13:20  Zergling x2  
  133  13:26  Drone x4  
  138  13:29  Hydralisk  
  140  13:35  Hydralisk x2  
  140  13:36  Hydralisk  
  140  13:41  Hydralisk x2  
  146  13:43  Hydralisk  
  146  13:47  Zerg Melee Weapons Level 2  
  151  13:54  Queen  
  153  14:04  Drone x3, Zergling x2  
  153  14:05  Extractor, Zergling x12  
  153  14:07  Drone x2  
  164  14:11  Zergling x6  
  167  14:20  Evolution Chamber, Zergling x6  
  167  14:21  Zergling x4  
  171  14:30  Ultralisk Cavern, Baneling x10  
  170  14:31  Baneling  
  170  14:32  Baneling x2  
  170  14:46  Zerg Ground Armor Level 1  
  170  14:58  Overlord  
  169  15:12  Overlord  
  169  15:16  Chitinous Plating  
  169  15:17  Ultralisk x2  
  169  15:18  Ultralisk x2  
  169  15:21  Ultralisk  
  199  15:29  Baneling x14  
  199  15:32  Overseer  
  199  15:59  Baneling  
  199  16:00  Baneling x16  
  199  16:02  Baneling x20  
  199  16:20  Zerg Melee Weapons Level 3  
  190  16:40  Zerg Missile Weapons Level 2  
  190  16:41  Ultralisk x2  
  190  16:42  Ultralisk  
  171  16:49  Zergling x2  
  171  16:50  Zergling x42  
  168  16:57  Ultralisk  
  159  17:06  Drone x7  
  164  17:18  Ultralisk  
  170  17:23  Ultralisk  
  175  17:31  Pathogen Glands  
  175  17:35  Ultralisk  
  181  17:41  Baneling x12  
  181  17:42  Baneling  
  181  17:45  Extractor  
  180  17:52  Zergling x18  
  188  18:11  Spire  
  187  18:14  Baneling x3  
  187  18:15  Baneling x16  
  187  18:16  Baneling  
  187  18:23  Baneling x11  
  187  18:24  Baneling  
  185  18:40  Ultralisk x2  
  196  18:47  Hatchery  
  174  18:57  Infestor x2  
  166  19:06  Extractor  
  166  19:07  Overlord  
  166  19:08  Spore Crawler  
  162  19:10  Spore Crawler, Neural Parasite  
  162  19:11  Burrow  
  162  19:12  Spore Crawler x2  
  162  19:13  Spore Crawler x2  
  157  19:17  Overseer  
  157  19:23  Zergling x22  
  168  19:28  Infestor  
  170  19:31  Infestor  
  172  19:39  Infestor  
  172  19:43  Drone x2  
  172  19:44  Spore Crawler x2  
  172  19:45  Spore Crawler  
  173  19:46  Spore Crawler  
  173  19:49  Infestor  
  174  20:02  Infestor x2  
  174  20:07  Drone x2  
  179  20:08  Drone x2  
  179  20:09  Extractor  
  179  20:11  Extractor  
  179  20:12  Drone x3  
  183  20:17  Spore Crawler x2  
  183  20:18  Infestor  
  183  20:22  Infestor  
  185  20:28  Greater Spire  
  185  20:33  Corruptor  
  187  20:37  Corruptor  
  187  20:40  Corruptor  
  191  20:45  Corruptor  
  193  20:53  Corruptor  
  195  21:05  Corruptor x2  
  190  21:25  Spore Crawler  
  190  21:27  Spore Crawler  
  190  21:31  Infestor x2  
  185  21:36  Zergling x14  
  192  21:46  Zerg Flyer Armor Level 1  
  192  21:52  Brood Lord x3  
  198  21:58  Drone  
  191  22:11  Zergling x4  
  191  22:12  Zergling x4  
  191  22:13  Spore Crawler  
  191  22:14  Spore Crawler x2  
  190  22:15  Spore Crawler  
  190  22:17  Brood Lord x2  
  190  22:21  Spore Crawler  
  190  22:22  Spore Crawler  
  191  22:23  Spore Crawler  
  190  22:30  Corruptor x3  
  190  22:35  Corruptor  
  198  23:03  Zergling x2  
  198  23:04  Zergling x2  
  198  23:05  Zergling x2  
  198  23:11  Brood Lord  
  200  23:14  Zergling x10  
  200  23:18  Zerg Missile Weapons Level 3  
  193  23:22  Brood Lord x2  
  179  23:32  Spore Crawler x3  
  176  23:34  Spore Crawler  
  176  23:35  Spore Crawler  
  176  23:36  Spore Crawler  
  176  23:37  Brood Lord  
  176  23:38  Spore Crawler, Infestor  
  176  23:41  Zergling x24  
  188  23:50  Infestor  
  190  23:58  Infestor  
  190  24:00  Infestor  
  194  24:06  Zergling x8  
  194  24:07  Zergling x4  
  199  24:23  Infestor x2  
  196  24:32  Infestor  
  196  24:36  Spore Crawler  
  196  24:37  Spore Crawler  
  187  24:46  Infestor x2  
  187  24:51  Drone  
  187  24:52  Drone x2  
  187  24:57  Spore Crawler  
  187  24:58  Spore Crawler  
  187  24:59  Spore Crawler  
  179  25:00  Overseer x4  
  179  25:01  Overseer  
  179  25:03  Zergling x16  
  186  25:08  Drone x3  
  185  25:20  Zergling x6  
  185  25:21  Zergling x14  
  184  25:32  Zergling x6  
  181  25:48  Infestor x2  
  158  26:05  Infestor  
  158  26:06  Infestor  
  156  26:13  Drone  
  156  26:14  Drone x2  
  157  26:27  Infestor  
  159  26:39  Zergling x8  
  161  27:06  Drone x2  
  159  27:17  Spore Crawler  
  158  27:23  Hatchery  
  158  27:29  Infestor  
  159  27:32  Infestor  
  161  28:00  Evolution Chamber  
  161  28:03  Zergling x10  
  165  28:13  Extractor x2  
  165  28:16  Infestor  
  165  28:29  Zergling x4  
  165  28:30  Zergling x2  
  168  28:35  Zergling x2  
  167  28:47  Zergling x2  
  167  28:48  Zergling x6  
  142  29:15  Infestor  
  144  29:17  Spore Crawler x2  
  144  29:20  Spore Crawler  
  141  29:25  Infestor x4  
  149  29:32  Infestor x2  
  153  29:42  Zergling x8  
  157  29:48  Spore Crawler  
  156  30:15  Infestor x3  
  155  30:40  Infestor  
  157  30:49  Drone x2  
  159  30:53  Spore Crawler  
  159  30:55  Spore Crawler  
  159  30:56  Spore Crawler  
  159  30:57  Zerg Flyer Armor Level 2  
  156  30:59  Spore Crawler  
  156  31:02  Infestor  
  156  31:03  Spore Crawler  
  154  31:25  Spore Crawler  
  153  31:34  Infestor x2  
  157  31:51  Spore Crawler x2  
  151  31:58  Infestor x2  
  148  32:06  Queen  
  150  32:09  Spore Crawler  
  150  32:10  Spore Crawler  
  148  32:20  Brood Lord  
  150  32:33  Zergling x12  
  137  32:58  Infestor x2  
  137  33:03  Spore Crawler  
  137  33:04  Spore Crawler x2  
  138  33:06  Spore Crawler  
Tags
 
Add a new tag
Caveats
  • Supply blocks, unpowered buildings, or Contaminate may cause inaccurate times.
  • Supply counts are checked every 10 seconds.